 Dungeon Crawl Stone Soup version 0.31-a0-806-g0bc164a743 (webtiles) character file.

Game seed: 17207878365624045316

86 Jannitor the Caller (level 4, 0/32 HPs)
             Began as a Formicid Summoner on Sept 21, 2023.
             Was a Believer of Vehumet.
             Succumbed to an adder's poison
             ... on level 2 of the Dungeon.
             The game lasted 00:06:29 (1367 turns).

Jannitor the Caller (Formicid Summoner)             Turns: 1367, Time: 00:06:30

Health: 0/32       AC:  2    Str: 12 (13) XL:     4   Next: 78%
Magic:  8/8        EV: 12    Int: 13 (16) God:    Vehumet [**....]
Gold:   53         SH:  0    Dex: 13 (14) Spells: 4/8 levels left

rFire   . . .        k - +0 quarterstaff (chaos)
rCold   . . .        (no shield)
rNeg    . . .        a - +0 robe
rPois   .            (helmet unavailable)
rElec   .            (no cloak)
rCorr   +            (no gloves)
SInv    +            (no boots)
Will    +....        (no amulet)
Stlth   ++           f - ring of resist corrosion
HPRegen 0.25/turn    g - ring of willpower
MPRegen 0.11/turn

%: no passive effects
@: lethally poisoned (0 -> -2)
A: permanent stasis, dig shafts and tunnels, antennae 3, four strong arms
a: Dig, Shaft Self, Renounce Religion


You were on level 2 of the Dungeon.
You worshipped Vehumet.
Vehumet was pleased with you.
You visited 1 branch of the dungeon, and saw 2 of its levels.

You collected 53 gold pieces.

Inventory:

Hand Weapons
 h - a +0 dagger
 k - a +0 quarterstaff of chaos (weapon)
Armour
 a - a +0 robe (worn)
Jewellery
 f - a ring of resist corrosion (left hand)
 g - a ring of willpower (right hand)
Scrolls
 d - a scroll of teleportation {unknown}
 l - a scroll of identify {unknown}
Potions
 b - a potion of magic
 c - a potion of haste
 e - a potion of degeneration


   Skills:
 + Level 1.3 Fighting
 + Level 0.7 Staves
 + Level 2.5 Dodging
 - Level 2.7 Stealth
 + Level 2.8 Spellcasting
 + Level 0.7 Conjurations
 + Level 4.4 Summonings


You had 4 spell levels left.
You knew the following spells:

 Your Spells              Type           Power      Damage    Failure   Level
a - Summon Small Mammal   Summ           52%        N/A       3%          1
b - Call Imp              Summ           26%        N/A       6%          2
c - Magic Dart            Conj           12%        1d3       17%         1

Your spell library contained the following spells:

 Spells                   Type           Power      Damage    Failure   Level
 Static Discharge         Conj/Air       4%         2-3/arc   30%         2
 Call Canine Familiar     Summ           13%        N/A       12%         3
 Summon Guardian Golem    Hex/Summ       7%         N/A       28%         3
 Mephitic Cloud           Conj/Pois/Air  2%         N/A       54%         3
 Summon Lightning Spire   Summ/Air       7%         N/A       67%         4
 Iskenderun's Battlesphe  Conj           3%         2d6       99%         5
 Leda's Unmaking          Conj/Erth      1%         9d1       100%        6
 Spellforged Servitor     Conj/Summ      4%         N/A       100%        7


Dungeon Overview and Level Annotations

Branches:
Dungeon (2/15)

Altars:
Vehumet


Innate Abilities, Weirdness & Mutations

You cannot be hasted, slowed, berserked, paralysed or teleported.
You can dig through walls and to a lower floor.
You have a pair of large antennae on your head. (SInv)
Your four strong arms can wield two-handed weapons with a shield.


Message History

The adder poisons you!
You hit the adder.
You kill the adder!
Vehumet accepts your kill.
You feel very sick.
Your bat closely misses the ball python.
The ball python bites you.
* * * LOW HITPOINT WARNING * * *
The ball python constricts you.
* * * LOW HITPOINT WARNING * * *
Your cerulean imp barely misses the ball python.
The ball python barely misses you. The ball python constricts you.
Unknown command.
The ball python's grasp on you weakens, but your attempt to escape fails.
* * * LOW HITPOINT WARNING * * *
You feel sick.
Your bat hits the ball python.
Your cerulean imp hits the ball python from afar with a -3 spear.
The ball python dies!
Vehumet accepts your kill.
It was a potion of haste.
Your stasis prevents you from being hasted.
* * * LOW HITPOINT WARNING * * *
You feel sick.
It was a potion of degeneration.
There was something very wrong with that liquid.
You feel weakened.
You feel dopey.
You feel clumsy.
* * * LOW HITPOINT WARNING * * *
You feel sick.
Okay, then.
Unknown command.
As you read the scroll labelled MANNEB NIBED, it crumbles to dust.
It is a scroll of brand weapon.
Your +0 quarterstaff erupts in a glittering mayhem of colour.
k - a +0 quarterstaff of chaos (weapon)
* * * LOW HITPOINT WARNING * * *
You feel sick.
As you read the scroll labelled XUICKEUNAPS, it crumbles to dust.
Your stasis prevents you from teleporting.
It was a scroll of blinking.
You die...

###### ##.........##
#......## ###.........
........#######.##.#####
.........##.†...# #
.........#..#####
.......†...##
..........## .......5..#
.......@### .?.....†.#
......b..# .........#
.......... ..........#
........... #...>.......


You could see a friendly cerulean imp (summoned) and a friendly bat (summoned).

Vanquished Creatures
  An adder (D:2)
  A gnoll (D:1)
  A dart slug (D:1)
  3 endoplasms (D:1)
  2 giant cockroaches (D:1)
  8 goblins
  4 hobgoblins
  2 jackals (D:1)
  A quokka (D:1)
  A ball python (D:1)
  4 bats (D:1)
  2 frilled lizards
  4 rats
34 creatures vanquished.

Vanquished Creatures (collateral kills)
  Robin (D:1)
  2 endoplasms (D:1)
  3 goblins
  3 hobgoblins
  2 jackals (D:1)
  3 ball pythons
  A frilled lizard (D:1)
  A kobold (D:1)
  A rat (D:1)
17 creatures vanquished.

Grand Total: 51 creatures vanquished

Notes
Turn   | Place    | Note
-------+----------+-------------------------------------------
     0 | D:1      | Jannitor the Formicid Summoner began the quest for the Orb.
     0 | D:1      | Reached XP level 1. HP: 13/13 MP: 3/3
   311 | D:1      | Noticed a golden eye
   327 | D:1      | Reached XP level 2. HP: 17/19 MP: 1/5
   372 | D:1      | Learned a level 2 spell: Call Imp
   389 | D:1      | Found a faded altar of an unknown god.
   391 | D:1      | Noticed an eye of devastation
   392 | D:1      | Noticed a golden eye
   392 | D:1      | Noticed a great orb of eyes
   409 | D:1      | Prayed at the altar of an unknown god.
   409 | D:1      | Became a worshipper of Vehumet
   409 | D:1      | Reached * piety under Vehumet
   409 | D:1      | Offered knowledge of Magic Dart by Vehumet.
   412 | D:1      | Learned a level 1 spell: Magic Dart
   427 | D:1      | Reached XP level 3. HP: 23/25 MP: 4/6
   865 | D:1      | Reached skill level 1 in Fighting
   921 | D:1      | Offered knowledge of Static Discharge by Vehumet.
   975 | D:2      | Reached ** piety under Vehumet
   998 | D:2      | Noticed Robin
  1014 | D:2      | Reached XP level 4. HP: 26/32 MP: 5/8
  1091 | D:1      | Killed Robin
  1366 | D:2      | HP: 1/32 [poisoned by an adder]
  1367 | D:2      | Succumbed to an adder's poison

Illustrated notes

Levels and vault maps discovered:
D:1:      co_arrival_square_in_a_square_in_a_square, layout_rooms,
          hellmonk_ecumenical_altar_watching_god,
          nicolae_concentric_dashed_squares_mild
D:2:      layout_rooms, uniq_robin, uniq_sigmund

Skill      XL: |  1  2  3 |
---------------+----------+-----
Dodging        | 2 |  2.5
Fighting       | 1 |  1.3
Staves         | |  0.7
Stealth        | |  2.7
Spellcasting   | |  2.8
Conjurations   | |  0.7
Summonings     | |  4.4

Action                     |  1- 3 |  4- 6 || total
---------------------------+-------+-------++-------
  Melee: Unarmed           |    28 |       ||    28
         Dagger            |    83 |       ||    83
         Quarterstaff      |    11 |    31 ||    42
         Punch             |       |     1 ||     1
   Cast: Summon Small Mamm |    13 |     4 ||    17
         Call Imp          |     9 |     5 ||    14
         Magic Dart        |     2 |       ||     2
    Use: Scroll            |       |     2 ||     2
         Potion            |       |     2 ||     2
   Stab: Distracted        |     1 |       ||     1
         Sleeping          |     5 |       ||     5
 Armour: Robe              |    73 |    30 ||   103
  Dodge: Dodged            |    91 |    37 ||   128

Table legend: (Time is in decaauts)
 A = Elapsed time spent in this place.
 B = Non-inter-level travel time spent in this place.
 C = Inter-level travel time spent in this place.
 D = Time resting spent in this place.
 E = Time spent auto-exploring this place.
 F = Levels seen in this place.
 G = Mean time per level.
                   A        B        C        D        E       F      G
               +--------+--------+--------+--------+--------+-----+--------+
         Total |   1379 |   1377 |      2 |    416 |    459 |   2 |  689.5 |
       Dungeon |   1379 |   1377 |      2 |    416 |    459 |   2 |  689.5 |
               +--------+--------+--------+--------+--------+-----+--------+

Top non-repeatable levels by time:
     D:1: 1195 daAuts
     D:2: 184 daAuts
